 Dungeon Crawl Stone Soup version 0.23-a0-356-g1757c6e (webtiles) character file.

5 Hilur the Ducker (level 1, -2/20 HPs)
             Began as a Gnoll Wanderer on Oct 21, 2018.
             Slain by a gnoll
             ... wielding a +0 spear
              (8 damage)
             ... on level 1 of the Dungeon.
             The game lasted 00:00:44 (344 turns).

Hilur the Ducker (Gnoll Wanderer)                    Turns: 344, Time: 00:00:45

Health: -2/20      AC:  2    Str: 15    XL:     1   Next: 80%
Magic:  4/4        EV: 15    Int: 15    God:
Gold:   0          SH:  0    Dex: 12    Spells: 5/5 levels left

rFire    . . .     SeeInvis .   b - +0 spear
rCold    . . .     Gourm    .   (no shield)
rNeg     . . .     Faith    .   d - +0 robe
rPois    .         Spirit   .   (no helmet)
rElec    .         Reflect  .   (no cloak)
rCorr    .         Harm     .   (no gloves)
MR       .....                  (no boots)
Stlth    +.........             (no amulet)
HPRegen  0.06/turn              (no ring)
MPRegen  0.09/turn              (no ring)

@: no status effects
A: distributed training, fangs 1, strong nose
a: no special abilities


You were on level 1 of the Dungeon.
You were not hungry.

You visited 1 branch of the dungeon, and saw 1 of its levels.

Inventory:

Hand Weapons
 b - a +0 spear (weapon)
Armour
 d - a +0 robe (worn)
Comestibles
 f - a ration


   Skills:
 + Level 4.4 Fighting
 + Level 0.1 Short Blades
 + Level 0.1 Long Blades
 + Level 0.1 Axes
 + Level 0.1 Maces & Flails
 + Level 0.1 Polearms
 + Level 0.1 Staves
 + Level 0.1 Slings
 + Level 0.1 Bows
 + Level 0.1 Crossbows
 + Level 4.4 Throwing
 + Level 0.1 Armour
 + Level 6.4 Dodging
 + Level 0.1 Stealth
 + Level 0.1 Shields
 + Level 0.1 Unarmed Combat
 + Level 2.6 Spellcasting
 + Level 0.1 Conjurations
 + Level 0.1 Hexes
 + Level 0.1 Charms
 + Level 0.1 Summonings
 + Level 2.0 Necromancy
 + Level 2.0 Translocations
 + Level 0.1 Transmutations
 + Level 0.1 Fire Magic
 + Level 0.1 Ice Magic
 + Level 0.1 Air Magic
 + Level 0.1 Earth Magic
 + Level 0.1 Poison Magic
 + Level 0.2 Invocations
 + Level 0.1 Evocations


You had 5 spell levels left.
You didn't know any spells.
Your spell library contained the following spells:

 Spells                   Type           Power        Failure   Level  Hunger
 Animate Skeleton         Necr           N/A          10%         1    #......
 Pain                     Necr           #...         10%         1    #......
 Vampiric Draining        Necr           #.........   28%         3    ###....
 Regeneration             Chrm/Necr      #.........   38%         3    ###....
 Animate Dead             Necr           N/A          67%         4    #####..


Dungeon Overview and Level Annotations

Branches:
Dungeon (1/15)

Altars:


Innate Abilities, Weirdness & Mutations

Your experience applies equally to all skills.
You have very sharp teeth.
Your uncanny sense of smell can sniff out nearby items.


Message History

The gnoll hits you with a +0 spear.
You see here a dart slug corpse.
You closely miss the gnoll. The gnoll hits you with a +0 spear.
* * * LOW HITPOINT WARNING * * *
You hit the gnoll.
The gnoll is moderately wounded.
The gnoll misses you.
You closely miss the gnoll.
The gnoll is moderately wounded.
The gnoll misses you.
You closely miss the gnoll.
The gnoll is moderately wounded.
The gnoll closely misses you.
You hit the gnoll but do no damage.
The gnoll is moderately wounded.
The gnoll misses you. The gnoll barely misses you.
You barely miss the gnoll.
The gnoll is moderately wounded.
The gnoll hits you with a +0 spear!
You die...

#....# #..## ####.##.#
##..# #.......# #..#
#.......##### #..#
#.........w.# #..#
#.......###.# #..#
#.#...#!# #######..# #
#####g# .>.......# #@#
########.# ∆ #.# #.#
##.### #.# ##...##.#
#.# ......#.##.## #.#
#######...#.#.#######.#
...≈......#≈#........#
#
##≈♣≈##.##≈♣≈..#######
#.##≈♣⌠♣≈≈≈≈≈♣⌠♣≈.#


You could see a gnoll.

Vanquished Creatures
  2 dart slugs (D:1)
  A toadstool (D:1)
3 creatures vanquished.

Vanquished Creatures (others)
  3 toadstools (D:1)
3 creatures vanquished.

Grand Total: 6 creatures vanquished

Notes
Turn   | Place    | Note
-------+----------+-------------------------------------------
     0 | D:1      | Hilur the Gnoll Wanderer began the quest for the Orb.
     0 | D:1      | Hilur set off with: a +0 spear, a potion of curing, a +0
                  | robe, a ration
     0 | D:1      | Reached XP level 1. HP: 20/20 MP: 4/4
   344 | D:1      | Slain by a gnoll

Vault maps used:
D:1:      ldierk_water_garden

Skill      XL: |  1 |
---------------+----+-----
Necromancy     | 2 |  2.0
Translocations | 2 |  2.0
Fighting       | |  4.4
Short Blades   | |  0.1
Long Blades    | |  0.1
Axes           | |  0.1
Maces & Flails | |  0.1
Polearms       | |  0.1
Staves         | |  0.1
Slings         | |  0.1
Bows           | |  0.1
Crossbows      | |  0.1
Throwing       | |  4.4
Armour         | |  0.1
Dodging        | |  6.4
Stealth        | |  0.1
Shields        | |  0.1
Unarmed Combat | |  0.1
Spellcasting   | |  2.6
Conjurations   | |  0.1
Hexes          | |  0.1
Charms         | |  0.1
Summonings     | |  0.1
Transmutations | |  0.1
Fire Magic     | |  0.1
Ice Magic      | |  0.1
Air Magic      | |  0.1
Earth Magic    | |  0.1
Poison Magic   | |  0.1
Invocations    | |  0.2
Evocations     | |  0.1

Action                   || total
-------------------------++-------
Melee: Spear             ||    17
       Bite              ||     1
  Use: Potion            ||     1
Armor: Robe              ||     1
Dodge: Dodged            ||    10

Table legend:
 A = Non-vault XP
 B = Vault XP
 C = Vault XP percentage of total XP
 D = Non-vault monster count
 E = Vault monster count
 F = Vault count percentage of total count
                 A         B        C        D         E       F
            +---------+---------+-------+---------+---------+-------
      Total |       8 |       0 |   0.0 |       2 |       0 |   0.0
            +---------+---------+-------+---------+---------+-------
        D:1 |       8 |       0 |   0.0 |       2 |       0 |   0.0
            +---------+---------+-------+---------+---------+-------
